 Dungeon Crawl Stone Soup version 0.28-a0-1143-gcf6077d4cc (webtiles) character file.

Game seed: 7314684475476052317

25265 vurker the Thaumaturge (level 12, -1/60 HPs)
             Began as a Felid Air Elementalist on Dec 12, 2021.
             Was a High Priest of Vehumet.
             Slain by a six-headed hydra (12 damage)
             ... on level 4 of the Lair of Beasts on Dec 13, 2021.
             The game lasted 00:40:30 (35273 turns).

vurker the Thaumaturge (Felid Air Elementalist)    Turns: 35273, Time: 00:40:31

Health: -1/60      AC:  7    Str:  4    XL:     12   Next: 88%
Magic:  3/31       EV: 17    Int: 22    God:    Vehumet [*****.]
Gold:   3614       SH:  0    Dex: 16    Spells: 23/39 levels left
                                        Lives:  0   Deaths: 4

rFire   . . .      SeeInvis +   (weapon unavailable)
rCold   + . .      Faith    .   (shield unavailable)
rNeg    + . .      Spirit   .   (armour unavailable)
rPois   +          Reflect  .   (helmet unavailable)
rElec   +          Harm     .   (cloak unavailable)
rCorr   .          Rampage  .   (gloves unavailable)
Will    +....                   (boots unavailable)
Stlth   ++........              a - amulet "Cukeorch" {Acrobat rElec rN+}
HPRegen 0.20/turn               e - +4 ring of protection
MPRegen 0.22/turn               l - ring of poison resistance

@: quick
A: very small, claws 1, fangs 3, see invisible, speed 1, shaggy fur 3, stealthy
paws, no weapons or thrown items, no armour, multi-lived
a: Renounce Religion


You were on level 4 of the Lair of Beasts.
You worshipped Vehumet.
Vehumet was extremely pleased with you.
You visited 3 branches of the dungeon, and saw 18 of its levels.
You also visited: Sewer and Bailey.

You collected 4230 gold pieces.
You spent 616 gold pieces at shops.

Inventory:

Jewellery
 a - the amulet "Cukeorch" (around neck) {Acrobat rElec rN+}
   (You acquired it on level 10 of the Dungeon)

   [amulet of the acrobat]

   It increases your evasion while moving and waiting.
   rElec:     It insulates you from electricity.
   rN:        It protects you from negative energy.
 e - a +4 ring of protection (left paw)
   (You found it on level 1 of the Dungeon)
 g - a ring of protection from fire
   (You found it on level 5 of the Dungeon)
 l - a ring of poison resistance (right paw)
   (You found it on level 1 of the Lair of Beasts)
 o - a ring of flight
   (You found it on level 9 of the Dungeon)
 p - a ring of resist corrosion
   (You found it on level 7 of the Dungeon)
 z - a ring of the Octopus King {rN+ AC+1 EV+1 Str+1 Int+1 Dex+1}
   (You found it on level 4 of the Lair of Beasts)

   [ring of positive energy]

   AC:        It affects your AC (+1).
   EV:        It affects your evasion (+1).
   Str:       It affects your strength (+1).
   Int:       It affects your intelligence (+1).
   Dex:       It affects your dexterity (+1).
   rN:        It protects you from negative energy.
Wands
 j - a wand of polymorph (12)
   (You took it off Terence on level 2 of the Dungeon)
 t - a wand of flame (62)
   (You found it on level 5 of the Dungeon)
 u - a wand of paralysis (8)
   (You found it on level 4 of the Dungeon)
 v - a wand of digging (5)
   (You found it on level 7 of the Dungeon)
Scrolls
 c - 2 scrolls of magic mapping
 h - a scroll of fear
 i - 5 scrolls of teleportation
 k - a scroll of identify
 w - 3 scrolls of amnesia
 x - 2 scrolls of blinking
 y - 2 scrolls of silence
 A - 2 scrolls of immolation
Potions
 b - 4 potions of curing
 f - 5 potions of mutation
 m - 4 potions of brilliance
 n - 3 potions of flight
 q - a potion of resistance
 r - a potion of ambrosia
 s - 3 potions of magic


   Skills:
 + Level 11.1 Fighting
 - Level 2.6 Dodging
 - Level 2.6 Stealth
 * Level 14.4 Spellcasting
 - Level 3.0 Conjurations
 * Level 11.5 Ice Magic
 - Level 9.3 Air Magic
 - Level 5.0 Poison Magic


You had 23 spell levels left.
You knew the following spells:

 Your Spells              Type           Power      Damage    Failure   Level
a - Shock                 Conj/Air       100%       1d9       1%          1
b - Ozocubu's Refrigerat  Ice            30%        4d11      8%          7
c - Airstrike             Air            27%        N/A       1%          4
q - Olgreb's Toxic Radia  Pois           37%        N/A       1%          4

Your spell library contained the following spells:

 Spells                   Type           Power      Damage    Failure   Level
 Orb of Destruction       Conj           14%        9d7       90%         7
 Sting                    Tmut/Pois      100%       1d8       1%          1
 Ensorcelled Hibernation  Hex/Ice        82%        N/A       1%          2
 Static Discharge         Conj/Air       43%        N/A       1%          2
 Conjure Flame            Conj/Fire      22%        6-21      1%          3
 Stone Arrow              Conj/Erth      44%        3d9       1%          3
 Swiftness                Air            54%        N/A       1%          3
 Beastly Appendage        Tmut           30%        N/A       3%          1
 Ice Form                 Ice/Tmut       41%        N/A       3%          4
 Spider Form              Tmut/Pois      26%        N/A       4%          3
 Summon Lightning Spire   Summ/Air       36%        N/A       5%          4
 Irradiate                Conj/Tmut      11%        3d17      16%         5
 Eringya's Noxious Bog    Tmut/Pois      13%        N/A       45%         6
 Blade Hands              Tmut           7%         N/A       71%         5
 Malign Gateway           Summ/Tloc      7%         N/A       100%        7
 Ignition                 Fire           7%         3d5       100%        8
 Lehudib's Crystal Spear  Conj/Erth      11%        10d4      100%        8
 Necromutation            Tmut/Necr      7%         N/A       100%        8
 Summon Horrible Things   Summ           7%         N/A       100%        8
 Animate Armour           Summ/Erth      Unusable   N/A       N/A         4

Dungeon Overview and Level Annotations

Branches:
Dungeon (11/15)            Temple (1/1) D:7            Lair (6/6) D:10
  Snake (0/4) Lair:2          Orc (0/2) D:9           Sewer (visited)
 Bailey (visited)
  Swamp: Lair:2-4    Shoals: Lair:2-4     Slime: Lair:5-6

Altars:
Ashenzari
Cheibriados
Dithmenos
Elyvilon
Fedhas
Gozag
Hepliaklqana
Kikubaaqudgha
Makhleb
Nemelex Xobeh
Okawaru
Qazlal
Ru
Sif Muna
Trog
Uskayaw
Vehumet
Wu Jian
Xom
Yredelemnul
Zin
The Shining One
Jiyva
Lugonu

Shops:
D:8 :

Annotations:
D:6 2 transporters
Lair:1 3 runed translucent doors, Fevoesid's ghost, journeyman MiFi; Sorae's ghost, journeyman DrFE; Sosymneph's ghost, journeyman OpDe; Tikeant's ghost, journeyman DsMo
Lair:6 1 runed translucent door


Innate Abilities, Weirdness & Mutations

You have sharp claws.
You have razor-sharp teeth.
You have supernaturally acute eyesight. (SInv)
You cover ground quickly. (Speed+)
Your thick and shaggy fur keeps you warm. (AC +3, rC+)
Your paws help you pounce on unaware monsters.
You are incapable of wielding weapons or throwing items.
You cannot wear armour.
You gain extra lives every three experience levels.


Message History

The air twists around and strikes the torpor snail!
A six-headed hydra comes into view.
Being near the torpor snail leaves you feeling lethargic.
Aim: a torpor snail (lightly wounded, empty space bonus: 3/8)
The air twists around and strikes the torpor snail!
The six-headed hydra roars!
You hear an angry hiss.
Aim: a torpor snail (moderately wounded, empty space bonus: 5/8)
The air twists around and strikes the torpor snail!
There are monsters nearby!
Aim: a torpor snail (heavily wounded, empty space bonus: 7/8)
The air twists around and strikes the torpor snail!
Aim: a torpor snail (severely wounded, empty space bonus: 7/8)
The air twists around and strikes the torpor snail!
The six-headed hydra barely misses you.
The six-headed hydra bites you but does no damage.
The six-headed hydra bites you.
The six-headed hydra completely misses you.
The six-headed hydra bites you.
The six-headed hydra closely misses you.
A wyvern comes into view.
The six-headed hydra bites you but does no damage.
The six-headed hydra barely misses you. The six-headed hydra bites you.
The six-headed hydra barely misses you. The six-headed hydra misses you.
The six-headed hydra bites you!
The wyvern moves out of view.
Aim: a torpor snail (almost dead, empty space bonus: 6/8)
The air twists around and strikes the torpor snail!
You kill the torpor snail!
Vehumet accepts your kill.
You feel your power returning.
You feel yourself speed up.
The six-headed hydra bites you but does no damage. x2
The six-headed hydra closely misses you.
The six-headed hydra bites you.
The six-headed hydra bites you but does no damage.
The six-headed hydra bites you!
* * * LOW HITPOINT WARNING * * *
Unknown command.
Aim: a six-headed hydra (empty space bonus: 5/8)
The air twists around and strikes the six-headed hydra!!
The six-headed hydra closely misses you.
The six-headed hydra bites you but does no damage.
The six-headed hydra closely misses you. x2
The six-headed hydra misses you.
The six-headed hydra closely misses you.
Aim: a six-headed hydra (moderately wounded, empty space bonus: 5/8)
The air twists around and strikes the six-headed hydra!
The six-headed hydra bites you!
* * * LOW HITPOINT WARNING * * *
The six-headed hydra bites you!
You die...

#.......##
#........#.......≈ ..≈≈#
.........#≈≈.....##.#.≈#
.........##≈≈≈.$...#.≈#
..........#≈≈.≈≈.≈≈.≈≈#
#.........##≈≈≈≈≈≈≈≈≈#
#..........##≈≈≈≈≈≈≈
............###≈D≈#
#.............##@#
###..............# #
#..............# ##
#..............# ##.
##.............## ###..
#.#..P.........## ##...#
####P...#..##...# ##...##
#.....####.÷#########...##
##...## ##..##.#......##


You could see a six-headed hydra.

Vanquished Creatures
  Gastronok (Lair:2)
  Snorg (D:11)
  Josephine (D:11)
  Harold (D:9)
  Erolcha (D:9)
  11 hydras
  A centaur warrior (D:11)
  A two-headed ogre (D:9)
  8 death yaks
  Sonja (D:11)
  An orc knight (Bailey)
  Maurice (D:9)
  2 black mambas (Lair:3)
  2 elephants (Lair:6)
  12 cane toads
  4 torpor snails
  6 gargoyles
  Maggie (D:8)
  A kobold demonologist (D:11)
  A rime drake (Lair:4)
  An unseen horror (D:11)
  5 komodo dragons
  3 trolls
  Grinder (D:3)
  A hornet (D:8)
  6 dream sheep (Lair:3)
  20 blink frogs
  54 yaks
  6 wyverns
  4 wraiths
  4 basilisks
  3 fire bats (Lair:3)
  Grum (D:8)
  An acid dragon (D:11)
  3 nagas (Lair:2)
  15 water moccasins
  A black bear (Lair:1)
  2 necrophages
  3 ice beasts
  A sky beast (D:6)
  17 orc warriors
  6 ogres
  29 wolves
  A centaur (D:9)
  A phantom (D:4)
  3 kobold brigands
  7 bullfrogs
  2 scorpions
  2 water moccasin zombies (D:5)
  A water moccasin skeleton (D:5)
  4 wights (D:8)
  4 killer bees (D:7)
  4 crimson imps (D:4)
  10 howler monkeys
  A quasit (Sewer)
  3 centaur zombies
  A bullfrog zombie (D:6)
  6 hounds
  3 orc priests
  3 jellies
  An iguana (Lair:4)
  Jessica (D:2)
  Terence (D:2)
  9 orc wizards
  A howler monkey zombie (D:6)
  11 adders
  4 gnolls (D:2)
  A howler monkey skeleton (D:4)
  6 shadow imps
  2 white imps (D:6)
  5 ufetubi (Sewer)
  An adder zombie (Sewer)
  2 worms (D:4)
  6 dart slugs
  46 orcs
  6 ball pythons
  8 endoplasms
  5 giant cockroaches
  10 goblins
  11 hobgoblins
  4 jackals (D:2)
  17 kobolds
  5 quokkas
  10 bats
  3 frilled lizards
  2 kobold zombies (Sewer)
  7 rats
486 creatures vanquished.

Vanquished Creatures (others)
  58 fungi
  122 plants
  2 withered plants (Lair:1)
182 creatures vanquished.

Grand Total: 668 creatures vanquished

Notes
Turn   | Place    | Note
-------+----------+-------------------------------------------
     0 | D:1      | vurker the Felid Air Elementalist began the quest for the
                  | Orb.
     0 | D:1      | Reached XP level 1. HP: 7/7 MP: 4/4
    52 | D:1      | Reached skill level 1 in Conjurations
   209 | D:1      | Reached XP level 2. HP: 12/12 MP: 1/6
   777 | D:1      | Found a faded altar of an unknown god.
  1329 | D:2      | Reached XP level 3. HP: 15/15 MP: 2/7
  1551 | D:2      | Reached skill level 1 in Fighting
  1594 | D:2      | Noticed an ogre
  1619 | D:2      | Killed an ogre
  1620 | D:2      | Reached skill level 3 in Spellcasting
  1620 | D:2      | Reached XP level 4. HP: 11/19 MP: 1/9
  1620 | D:2      | Reached XP level 5. HP: 13/22 MP: 1/10
  2057 | D:2      | Noticed Terence
  2104 | D:2      | Killed Terence
  2366 | D:2      | Noticed Jessica
  2379 | D:2      | Killed Jessica
  2581 | D:2      | Gained mutation: You are covered in thick fur. (AC +2)
                  | [Felid growth]
  2581 | D:2      | Reached XP level 6. HP: 26/26 MP: 7/12
  3328 | D:3      | Noticed Grinder
  3360 | D:3      | Reached skill level 4 in Spellcasting
  3907 | D:3      | Paralysed by Grinder for 2 turns
  3911 | D:3      | Killed Grinder
  3912 | D:3      | Reached XP level 7. HP: 15/30 MP: 3/14
  4639 | D:4      | Found a glowing drain.
  4734 | Sewer    | Entered a sewer
  4882 | Sewer    | Reached skill level 5 in Air Magic
  5045 | Sewer    | Found a burning altar of Makhleb.
  5054 | Sewer    | Asphyxiated
  5055 | Sewer    | Reached XP level 6. HP: -7/28 MP: 8/14
  5142 | Sewer    | Reached skill level 5 in Spellcasting
  5142 | Sewer    | Reached XP level 7. HP: 31/31 MP: 5/15
  5862 | D:4      | Found a hazy altar of Hepliaklqana.
  6110 | D:4      | Found a hide-covered altar of Uskayaw.
  6117 | D:4      | Found an ornate altar of the Wu Jian Council.
  6330 | D:4      | Found a shimmering altar of Xom.
  6607 | D:4      | Found a shimmering blue altar of Sif Muna.
  6607 | D:4      | Found a snail-covered altar of Cheibriados.
  6621 | D:4      | Found an iron altar of Okawaru.
  6624 | D:4      | Found a blossoming altar of Fedhas.
  6716 | D:5      | Entered Level 5 of the Dungeon
  7026 | D:5      | Identified a scroll of acquirement
  7026 | D:5      | Acquired 842 gold pieces
  7058 | D:5      | Found a burning altar of Makhleb.
  7082 | D:4      | Reached skill level 6 in Spellcasting
  7082 | D:4      | Reached XP level 8. HP: 35/36 MP: 10/18
  7134 | D:4      | Learned a level 4 spell: Airstrike
  8632 | D:6      | Found a stormy altar of Qazlal.
  8632 | D:6      | Noticed an air elemental
  8798 | D:6      | Reached skill level 7 in Spellcasting
  8944 | D:6      | Noticed an ice devil
  9007 | D:6      | Reached skill level 5 in Fighting
  9121 | D:6      | Reached XP level 9. HP: 40/40 MP: 14/20
  9169 | D:6      | Found a bloodstained altar of Trog.
  9312 | D:6      | Found a transporter.
  9315 | D:6      | Found a transporter.
  9320 | D:6      | Got Uhiuzaff's Reference Book on Fire and Changing
  9323 | D:6      | Noticed an ancient zyme
 10441 | D:7      | Found a glowing silver altar of Zin.
 10913 | D:7      | Found a staircase to the Ecumenical Temple.
 10926 | Temple   | Entered the Ecumenical Temple
 10956 | Temple   | Became a worshipper of Vehumet
 11100 | D:7      | Reached skill level 8 in Spellcasting
 11361 | D:7      | Found an opulent altar of Gozag.
 11689 | D:8      | Noticed Grum
 11829 | D:8      | Found a flagged portal.
 11952 | Bailey   | Entered a bailey
 12860 | Bailey   | Reached XP level 10. HP: 40/45 MP: 1/23
 13532 | Bailey   | Noticed an orc knight
 13999 | Bailey   | Killed an orc knight
 14000 | Bailey   | Reached skill level 9 in Spellcasting
 14225 | D:8      | Found Finevac's Book Boutique.
 14226 | D:8      | Noticed Maggie
 14249 | D:8      | Killed Maggie
 14263 | D:8      | Reached * piety under Vehumet
 14263 | D:8      | Offered knowledge of Foxfire by Vehumet.
 14547 | D:8      | Bought the Unrestrained Analects for 616 gold pieces
 14558 | D:8      | Learned a level 7 spell: Ozocubu's Refrigeration
 14860 | D:8      | Reached skill level 1 in Ice Magic
 15102 | D:8      | Killed Grum
 15375 | D:8      | Found a glowing golden altar of the Shining One.
 15493 | D:9      | Found a staircase to the Orcish Mines.
 15633 | D:9      | Offered knowledge of Magic Dart by Vehumet.
 15941 | D:9      | Noticed a two-headed ogre
 15942 | D:9      | Noticed Harold
 15964 | D:9      | Killed a two-headed ogre
 16261 | D:8      | Reached skill level 10 in Spellcasting
 16338 | D:9      | Reached ** piety under Vehumet
 16546 | D:9      | Reached XP level 11. HP: 50/50 MP: 15/26
 16679 | D:9      | Noticed Maurice
 16685 | D:9      | Killed Maurice
 17543 | D:9      | Noticed Erolcha
 17549 | D:9      | Killed Erolcha
 17761 | D:8      | Learned a level 4 spell: Olgreb's Toxic Radiance
 17860 | D:9      | Reached skill level 1 in Poison Magic
 18076 | D:9      | Slain by Harold
 18077 | D:9      | Reached XP level 10. HP: -3/72 MP: 8/25
 18761 | D:9      | Killed Harold
 18762 | D:9      | Reached skill level 5 in Ice Magic
 19056 | D:10     | Entered Level 10 of the Dungeon
 19661 | D:10     | Offered knowledge of Poisonous Vapours by Vehumet.
 19954 | D:10     | Found a staircase to the Lair.
 20168 | D:10     | Found a sparkling altar of Nemelex Xobeh.
 20530 | D:10     | Noticed a gargoyle
 20530 | D:10     | Noticed a gargoyle
 20532 | D:10     | Noticed a gargoyle
 20543 | D:10     | Killed a gargoyle
 20544 | D:10     | Reached XP level 11. HP: 16/51 MP: 9/26
 20836 | D:10     | Reached skill level 11 in Spellcasting
 21430 | D:10     | Acquired the amulet "Cukeorch" {Acrobat rElec rN+}
 21431 | D:10     | Acquired 918 gold pieces
 21589 | D:11     | Noticed a centaur warrior
 21677 | D:11     | Killed a centaur warrior
 22085 | D:11     | Found a frozen archway.
 22444 | D:11     | Noticed Sonja
 22449 | D:11     | Killed Sonja
 22589 | D:11     | Reached *** piety under Vehumet
 22589 | D:11     | Noticed Josephine
 22609 | D:10     | Upgraded the game from 0.28-a0-1130-gc51a68064b to
                  | 0.28-a0-1143-gcf6077d4cc
 22908 | D:11     | Killed Josephine
 23198 | D:10     | Found a staircase to the Lair.
 23936 | D:10     | Found a sparkling altar of Nemelex Xobeh.
 24085 | D:11     | Acquired 1151 gold pieces
 24133 | D:11     | Noticed Snorg
 24183 | D:11     | Demolished by Snorg
 24184 | D:11     | Reached XP level 10. HP: -14/49 MP: 6/26
 24206 | D:11     | Killed Snorg
 24321 | D:11     | Reached XP level 11. HP: 48/52 MP: 1/27
 24527 | Lair:1   | Entered Level 1 of the Lair of Beasts
 25009 | Lair:1   | Found a runed translucent gate.
 25010 | Lair:1   | Found a runed translucent gate.
 25011 | Lair:1   | Found a runed translucent gate.
 25120 | Lair:1   | Reached skill level 12 in Spellcasting
 25482 | Lair:1   | Reached skill level 5 in Poison Magic
 25702 | Lair:1   | Offered knowledge of Frozen Ramparts by Vehumet.
 25805 | Lair:1   | Noticed Tikeant's ghost (journeyman DsMo)
 25806 | Lair:1   | Noticed Sosymneph's ghost (journeyman OpDe)
 25806 | Lair:1   | Noticed Sorae's ghost (journeyman DrFE)
 25806 | Lair:1   | Noticed Fevoesid's ghost (journeyman MiFi)
 25870 | Lair:1   | Noticed an eight-headed hydra
 25881 | Lair:1   | Killed an eight-headed hydra
 25993 | Lair:1   | Noticed an eight-headed hydra
 26004 | Lair:1   | Killed an eight-headed hydra
 26653 | Lair:2   | Noticed Gastronok
 27507 | Lair:2   | Killed Gastronok
 27863 | Lair:2   | Noticed a four-headed hydra
 28085 | Lair:2   | Killed a four-headed hydra
 28086 | Lair:2   | Gained mutation: Your thick and shaggy fur keeps you warm.
                  | (AC +3, rC+) [Felid growth]
 28086 | Lair:2   | Reached XP level 12. HP: 57/57 MP: 6/29
 28289 | Lair:2   | Noticed a death yak
 28291 | Lair:2   | Noticed a death yak
 28291 | Lair:2   | Noticed a death yak
 28292 | Lair:2   | Noticed a death yak
 28292 | Lair:2   | Noticed a death yak
 28308 | Lair:2   | Killed a death yak
 28320 | Lair:2   | Killed a death yak
 28330 | Lair:2   | Killed a death yak
 28330 | Lair:2   | Killed a death yak
 28341 | Lair:2   | Killed a death yak
 28343 | Lair:2   | Noticed a death yak
 28526 | Lair:2   | Killed a death yak
 28645 | Lair:2   | Found a staircase to the Snake Pit.
 28926 | Lair:3   | Reached skill level 13 in Spellcasting
 29090 | Lair:3   | Noticed a six-headed hydra
 29103 | Lair:3   | Killed a six-headed hydra
 29283 | Lair:3   | Reached skill level 10 in Fighting
 29403 | Lair:3   | You fall into a shaft and drop 3 floors!
 29403 | Lair:6   | Entered Level 6 of the Lair of Beasts
 29482 | Lair:6   | Noticed a five-headed hydra
 29527 | Lair:6   | Reached **** piety under Vehumet
 29657 | Lair:6   | Noticed a six-headed hydra
 29662 | Lair:6   | Killed a six-headed hydra
 29662 | Lair:6   | Offered knowledge of Lee's Rapid Deconstruction by Vehumet.
 29767 | Lair:6   | Noticed an eight-headed hydra
 29772 | Lair:6   | Killed an eight-headed hydra
 29789 | Lair:6   | Reached skill level 10 in Ice Magic
 30007 | Lair:6   | Found a runed translucent door.
 30008 | Lair:6   | Found a viscous altar of Jiyva.
 30283 | Lair:6   | Noticed a death yak
 30291 | Lair:6   | Noticed a death yak
 30732 | Lair:6   | Got the Handbook of the Escort and Transmutation
 30764 | Lair:4   | Noticed a six-headed hydra
 30775 | Lair:4   | Killed a six-headed hydra
 30776 | Lair:4   | Reached XP level 13. HP: 62/62 MP: 14/31
 32231 | Lair:3   | Reached ***** piety under Vehumet
 32231 | Lair:3   | Offered knowledge of Orb of Destruction by Vehumet.
 32232 | Lair:3   | Reached skill level 14 in Spellcasting
 32670 | Lair:3   | Got the Collected Works on Transformation
 34501 | Lair:4   | Found the ring of the Octopus King
 34508 | Lair:4   | Identified a ring of the Octopus King {rN+ AC+1 EV+1 Str+1
                  | Int+1 Dex+1}
 34829 | Lair:4   | Slain by an eight-headed hydra
 34830 | Lair:4   | Reached XP level 12. HP: -1/60 MP: 13/31
 34971 | Lair:4   | Noticed an eight-headed hydra
 34990 | Lair:4   | Killed an eight-headed hydra
 35266 | Lair:4   | Noticed a six-headed hydra
 35273 | Lair:4   | Slain by a six-headed hydra

Illustrated notes

Levels and vault maps discovered:
D:1:      minmay_arrival_stair_chambers, layout_basic,
          shapermc_ecumenical_altar_petra
D:2:      minmay_chambers_of_twos, layout_loops_cross, uniq_jessica,
          uniq_terence
D:3:      layout_basic, uniq_grinder
D:4:      layout_loops_corners, led_xom_imps, overflow_temple_1_default,
          minmay_overflow_temple_hex, cheibrodos_sewer_entry_bend
D:5:      layout_layer_cave, bloody_makhleb
D:6:      layout_loops_ring, nicolae_qazlal_style_of_elements,
          nicolae_overflow_crystal_walls, gammafunk_ghost_abyssal_escape,
          hangedman_decor_growths, grunt_ministairs_5, minivault_22
D:7:      layout_basic, pdpol_temple_overflow_zin_treasury_gozag_greed,
          minmay_temple_entry_arrows
D:8:      nicolae_cairo_tiling, layout_rooms, marbit_many_paths, serial_shops,
          shop_coins, enter_bailey_4, water_boxes_lemuel, uniq_grum, uniq_maggie
D:9:      layout_grid_maze, orc_david_3, minivault_23, uniq_erolcha,
          uniq_harold, uniq_maurice
D:10:     cheibrodos_statue_roulette, layout_loops_ring,
          mainiacjoe_overflow_catwalk, dpeg_oklobed_lair,
          onia_ninara_dug_in_and_dangerous
D:11:     layout_rooms, portal_ice_cave_entry_pillars_2, uniq_sonja, uniq_snorg,
          uniq_josephine
Temple:   corrupted_temple
Lair:1:   layout_cave_pods, gammafunk_ghost_cemetery
Lair:2:   layout_layer_cave, minmay_snake_entry_guardpost_small,
          nicolae_lair_grove_arrangements, small_statue_intersection,
          uniq_gastronok
Lair:3:   nzn_winding_woodlands_cross [nzn_winding_woodlands_5x15_default,
          nzn_winding_woodlands_5x15_river_crossing,
          nzn_winding_woodlands_5x15_jagged, nzn_winding_woodlands_5x15_twine,
          nzn_winding_woodlands_15x15_five_gardens], layout_gridlike,
          nicolae_volcano_entry_batcave, st_stairs_9
Lair:4:   layout_cave_pods, palyth_hydra_swamp_entry, st_stairs_9,
          hellmonk_guarded_unrand_seven_league_boots
Lair:5:   layout_roguey, gammafunk_ghost_ooze, serial_bayou_shore_a, uniq_rupert
Lair:6:   grunt_lair_end_beastmaster, layout_layer_cave, slime_altar_2,
          grunt_forest_stairs_basic, chequers_serial_rivers_room_a,
          chequers_serial_rivers_micro_e

Skill      XL: |  1  2  3  4  5  6  7  8  9 10 11 12 13 |
---------------+----------------------------------------+-----
Conjurations   | 1 2 3 |  3.0
Air Magic      | 3 4 6 7 8 9 |  9.3
Fighting       | 1 2 4 5 6 8 9 10 11 | 11.1
Spellcasting   | 3 5 6 7 8 10 12 13 14 | 14.4
Ice Magic      | 5 8 10 11 | 11.5
Poison Magic   | 3 5 |  5.0
Dodging        | |  2.6
Stealth        | |  2.6

Action                   |  1- 3 |  4- 6 |  7- 9 | 10-12 | 13-15 || total
-------------------------+-------+-------+-------+-------+-------++-------
Melee: Unarmed           |     7 |       |     3 |    11 |     4 ||    25
       Bite              |     3 |       |       |     1 |     1 ||     5
 Cast: Shock             |    71 |   135 |   292 |    56 |    25 ||   579
       Airstrike         |       |       |    99 |   515 |   134 ||   748
       Olgreb's Toxic Ra |       |       |       |    87 |    34 ||   121
       Ozocubu's Refrige |       |       |       |       |     1 ||     1
Evoke: Wand              |       |       |     1 |    21 |     1 ||    23
  Use: Scroll            |       |       |    21 |    10 |     2 ||    33
       Potion            |       |       |       |     7 |     1 ||     8
 Stab: Paralysed         |       |       |       |       |     4 ||     4
Armor: Skin              |     2 |     6 |    15 |    38 |    14 ||    75
Dodge: Dodged            |    16 |    24 |    94 |   173 |    70 ||   377

Table legend: (Time is in decaauts)
 A = Elapsed time spent in this place.
 B = Non-inter-level travel time spent in this place.
 C = Inter-level travel time spent in this place.
 D = Time resting spent in this place.
 E = Time spent auto-exploring this place.
 F = Levels seen in this place.
 G = Mean time per level.
                   A        B        C        D        E       F      G
               +--------+--------+--------+--------+--------+-----+--------+
         Total |  32567 |  31751 |    816 |   4520 |  22870 |  20 | 1628.3 |
       Dungeon |  19765 |  19115 |    650 |   2230 |  14500 |  11 | 1796.8 |
        Temple |     36 |     26 |     10 |      0 |     16 |   1 |   36.0 |
          Lair |   9961 |   9806 |    155 |   1936 |   6362 |   6 | 1660.2 |
         Sewer |    709 |    709 |      0 |      0 |    569 |   1 |  709.0 |
        Bailey |   2094 |   2094 |      0 |    353 |   1420 |   1 | 2094.0 |
               +--------+--------+--------+--------+--------+-----+--------+

Top non-repeatable levels by time:
    D:10: 3214 daAuts
     D:8: 2644 daAuts
  Lair:3: 2582 daAuts
     D:9: 2563 daAuts
  Lair:1: 2512 daAuts
  Bailey: 2094 daAuts
  Lair:4: 2062 daAuts
     D:2: 1815 daAuts
     D:7: 1611 daAuts
    D:11: 1544 daAuts
  Lair:2: 1521 daAuts
     D:4: 1404 daAuts
     D:6: 1395 daAuts
  Lair:6: 1274 daAuts
     D:5: 1267 daAuts
